 Dungeon Sprint DCSS version 0.28-a0-750-g7c675f85b1 (webtiles) character file.

Game seed: 466061829506538898

6528 mhtbhm the Tortoise (level 10, -3/104 HPs)
             Began as a Minotaur Fighter on Oct 30, 2021.
             Was a High Priest of Okawaru.
             Killed from afar by a catoblepas (4 damage)
             ... with a blast of calcifying dust
             ... while petrified by a catoblepas
             ... in the Dungeon (Sprint IX: "|||||||||||||||||||||||||||||").
             The game lasted 00:03:36 (1678 turns).

mhtbhm the Tortoise (Minotaur Fighter)              Turns: 1678, Time: 00:03:37

Health: -3/104     AC: 18    Str: 27    XL:     10   Next: 69%
Magic:  9/9        EV:  2    Int:  5    God:    Okawaru [*****.]
Gold:   0          SH:  0    Dex: 10    Spells: 9/9 levels left

rFire   . . .      SeeInvis .   a - +2 trident (venom)
rCold   . . .      Faith    .   c - +0 buckler
rNeg    + + +      Spirit   .   b - +1 chain mail
rPois   ∞          Reflect  .   (helmet restricted)
rElec   .          Harm     .   n - +0 cloak
rCorr   .          Rampage  .   (no gloves)
Will    .....      NoTele   +   (no boots)
Stlth   ..........              (no amulet)
HPRegen 0.27/turn               o - +3 ring of strength
MPRegen 0.11/turn               p - +2 ring of protection

@: petrified
A: horns 2, retaliatory headbutt
a: Renounce Religion, Heroism, Finesse


You were in the Dungeon.
You worshipped Okawaru.
Okawaru was extremely pleased with you.
You visited 1 branch

Inventory:

Hand Weapons
 a - a +2 trident of venom (weapon)
Armour
 b - a +1 chain mail (worn)
 c - a +0 buckler (worn)
 n - a +0 cloak (worn)
Jewellery
 o - a +3 ring of strength (left hand)
 p - a +2 ring of protection (right hand)
Wands
 m - a wand of acid (2)
Scrolls
 j - 2 scrolls of blinking
 l - 2 scrolls of amnesia
 q - a scroll of identify
 r - 4 scrolls of enchant weapon
 s - a scroll of fear
 t - a scroll of fog
Potions
 d - 4 potions of might
 e - 4 potions of curing
 f - a potion of mutation
 g - a potion of haste
 h - 4 potions of magic
 i - a potion of berserk rage
 k - a potion of invisibility


   Skills:
 + Level 14.7 Fighting
 + Level 14.4 Polearms
 + Level 17.0 Armour
 + Level 7.4 Dodging
 + Level 1.1 Stealth
 + Level 13.5 Shields
 + Level 4.1 Evocations


You had 9 spell levels left.
You didn't know any spells.
Your spell library was empty.

Dungeon Overview and Level Annotations

Branches:
Dungeon (1/1)

Altars:
Cheibriados
Dithmenos
Elyvilon
Fedhas
Gozag
Hepliaklqana
Kikubaaqudgha
Makhleb
Nemelex Xobeh
Okawaru
Qazlal
Ru
Sif Muna
Trog
Uskayaw
Vehumet
Wu Jian
Xom
Yredelemnul
Zin
The Shining One
Beogh
Jiyva
Lugonu


Innate Abilities, Weirdness & Mutations

You have a pair of horns on your head.
You reflexively headbutt those who attack you in melee.


Message History

You are engulfed in calcifying dust.
You are slowing down.
The catoblepas breathes a plume of calcifying dust at you.
The blast of calcifying dust hits you but does no damage.
You see here a +1 battleaxe of flaming.
Unknown command.
Okay, then.
As you read the scroll of fear, it crumbles to dust.
You assume a fearsome visage.
The catoblepas resists with some effort.
The catoblepas looks frightened!
The death yak easily resists.
The catoblepas looks frightened!
The death yak resists with almost no effort.
The death yak resists with some effort.
Your limbs are stiffening.
Unknown command.
Unknown command.
You hit the catoblepas.
The catoblepas is lightly wounded.
The catoblepas gores you.
Cornered, the catoblepas turns to fight!
You have turned to stone.
The catoblepas breathes a plume of calcifying dust at you.
The blast of calcifying dust hits you.
* * * LOW HITPOINT WARNING * * *
You are engulfed in calcifying dust.
The catoblepas breathes a plume of calcifying dust at you.
The blast of calcifying dust hits you but does no damage.
You are engulfed in calcifying dust.
The catoblepas gores you but does no damage.
You are engulfed in calcifying dust.
The catoblepas gores you!!
* * * LOW HITPOINT WARNING * * *
Cornered, the catoblepas turns to fight!
You are engulfed in calcifying dust.
The catoblepas gores you but does no damage.
You are engulfed in calcifying dust.
The catoblepas gores you!
* * * LOW HITPOINT WARNING * * *
The catoblepas barely misses you.
The catoblepas breathes a plume of calcifying dust at you.
The blast of calcifying dust hits you!
You die...

▓.▓.▓_▓
▓.▓.▓_▓
▓.▓.▓_▓
▓§▓.▓_▓
▓.▓.▓_▓
▓.▓.▓_▓
▓.▓.▓_▓
▓.▓.▓_▓
▓@▓.▓_▓
▓Y▓.▓_▓
▓Y▓.▓_▓
▓Y▓.▓_▓
▓Y▓.▓_▓
▓Y▓.▓_▓
▓Y▓.▓_▓
▓Y▓.▓_▓
▓.▓.▓_▓


You could see 3 death yaks, 3 catoblepae and a yak.

Vanquished Creatures
  A hydra (D)
  A boulder beetle (D)
  A catoblepas (D)
  An ugly thing (D)
  A black mamba (D)
  2 cane toads (D)
  An unseen horror (D)
  A kobold demonologist (D)
  3 komodo dragons (D)
  A tengu conjurer (D)
  A blink frog (D)
  A dream sheep (D)
  A vampire (D)
  A basilisk (D)
  3 yaks (D)
  2 water moccasins (D)
  2 orc warriors (D)
  2 wolves (D)
  A centaur (D)
  3 bullfrogs (D)
  A hound (D)
  2 adder zombies (D)
  An adder skeleton (D)
  A bat zombie (D)
  An endoplasm (D)
  A jackal (D)
  A kobold (D)
  A ball python (D)
  A giant cockroach zombie (D)
  A rat (D)
41 creatures vanquished.

Notes
Turn   | Place    | Note
-------+----------+-------------------------------------------
     0 | D        | mhtbhm the Minotaur Fighter began the quest for the Orb.
     0 | D        | Reached XP level 1. HP: 19/19 MP: 0/0
     1 | D        | Banished a spatial maelstrom
     6 | D        | Reached skill level 4 in Armour
    83 | D        | Noticed a hound
    87 | D        | Reached XP level 2. HP: 26/28 MP: 1/1
    91 | D        | Reached skill level 5 in Fighting
    91 | D        | Reached skill level 5 in Armour
    91 | D        | Reached skill level 5 in Shields
    91 | D        | Reached XP level 3. HP: 34/36 MP: 2/2
    95 | D        | Reached skill level 6 in Armour
   144 | D        | Found a snail-covered altar of Cheibriados.
   144 | D        | Found a shadowy altar of Dithmenos.
   144 | D        | Found a white marble altar of Elyvilon.
   144 | D        | Found a blossoming altar of Fedhas.
   144 | D        | Found an opulent altar of Gozag.
   145 | D        | Found a hazy altar of Hepliaklqana.
   146 | D        | Found a viscous altar of Jiyva.
   147 | D        | Found an ancient bone altar of Kikubaaqudgha.
   148 | D        | Found a corrupted altar of Lugonu.
   149 | D        | Found a burning altar of Makhleb.
   150 | D        | Found a sparkling altar of Nemelex Xobeh.
   151 | D        | Found an iron altar of Okawaru.
   152 | D        | Found a stormy altar of Qazlal.
   153 | D        | Found a sacrificial altar of Ru.
   154 | D        | Found a shimmering blue altar of Sif Muna.
   155 | D        | Found a bloodstained altar of Trog.
   156 | D        | Found a hide-covered altar of Uskayaw.
   157 | D        | Found a radiant altar of Vehumet.
   158 | D        | Found an ornate altar of the Wu Jian Council.
   159 | D        | Became a worshipper of Warmaster Okawaru
   160 | D        | Found a shimmering altar of Xom.
   161 | D        | Found a basalt altar of Yredelemnul.
   162 | D        | Found a glowing silver altar of Zin.
   163 | D        | Found a glowing golden altar of the Shining One.
   214 | D        | Noticed an orc warrior
   214 | D        | Noticed an orc warrior
   214 | D        | Noticed a yak
   214 | D        | Noticed a kobold demonologist
   214 | D        | Noticed a yak
   217 | D        | Killed an orc warrior
   217 | D        | Reached * piety under Okawaru
   217 | D        | Killed an orc warrior
   218 | D        | Reached skill level 5 in Polearms
   218 | D        | Reached skill level 9 in Armour
   218 | D        | Reached skill level 1 in Dodging
   218 | D        | Reached XP level 4. HP: 27/49 MP: 3/3
   218 | D        | Reached XP level 5. HP: 31/56 MP: 4/4
   219 | D        | Killed a yak
   220 | D        | Reached skill level 10 in Armour
   220 | D        | Reached skill level 1 in Evocations
   220 | D        | Reached XP level 6. HP: 48/64 MP: 5/5
   223 | D        | Noticed a soul eater
   227 | D        | Noticed a ynoxinul
   229 | D        | Killed a kobold demonologist
   229 | D        | Reached ** piety under Okawaru
   230 | D        | Reached skill level 10 in Fighting
   230 | D        | Reached skill level 11 in Armour
   230 | D        | Reached XP level 7. HP: 48/73 MP: 6/6
   235 | D        | Killed a yak
   236 | D        | Reached skill level 10 in Shields
   357 | D        | Noticed a boulder beetle
   357 | D        | Noticed a vampire
   357 | D        | Noticed a white ugly thing
   357 | D        | Noticed a tengu conjurer
   373 | D        | Killed a boulder beetle
   373 | D        | Reached *** piety under Okawaru
   373 | D        | Reached **** piety under Okawaru
   374 | D        | Reached skill level 12 in Armour
   374 | D        | Reached XP level 8. HP: 53/83 MP: 7/7
   383 | D        | Reached skill level 13 in Armour
   386 | D        | HP: 3/85 [something (10)]
   396 | D        | Killed an unseen horror
   397 | D        | Reached skill level 5 in Dodging
   401 | D        | Killed a white ugly thing
   401 | D        | Reached ***** piety under Okawaru
   402 | D        | Reached skill level 14 in Armour
   402 | D        | Reached XP level 9. HP: 31/93 MP: 8/8
   402 | D        | Killed a tengu conjurer
   403 | D        | Reached skill level 10 in Polearms
   801 | D        | Noticed a komodo dragon
   812 | D        | Noticed a cane toad
   824 | D        | Killed a komodo dragon
   830 | D        | Reached skill level 15 in Armour
   853 | D        | Killed a cane toad
  1104 | D        | Noticed a cane toad
  1104 | D        | Noticed a komodo dragon
  1104 | D        | Noticed a four-headed hydra
  1105 | D        | Noticed a black mamba
  1106 | D        | Reached XP level 10. HP: 103/103 MP: 9/9
  1113 | D        | Killed a cane toad
  1134 | D        | Killed a four-headed hydra
  1135 | D        | Reached skill level 16 in Armour
  1137 | D        | Killed a black mamba
  1137 | D        | Received a gift from Okawaru
  1138 | D        | Reached skill level 1 in Stealth
  1627 | D        | Noticed a catoblepas
  1627 | D        | Noticed a catoblepas
  1627 | D        | Noticed a catoblepas
  1627 | D        | Noticed a death yak
  1627 | D        | Noticed a catoblepas
  1638 | D        | Noticed a death yak
  1640 | D        | Noticed a death yak
  1644 | D        | Killed a catoblepas
  1645 | D        | Reached skill level 17 in Armour
  1674 | D        | HP: 5/104 [catoblepas (11)]
  1676 | D        | HP: 1/104 [catoblepas (5)]
  1678 | D        | Killed from afar by a catoblepas

Illustrated notes

Levels and vault maps discovered:
D:        linesprint [early_d, line_temple, items_1, d_10, items_2, lair_1,
          lair_end, items_3, orc_1, orc_end, items_4, d_15, swamp_1, shoals_1,
          snake_1, spider_1, d_20, vaults_1, items_5, swamp_end, shoals_end,
          snake_end, spider_end, vaults_end, d_27, items_6, zot_1, zot_end,
          crypt_end, forest_end, elf_end, slime_end, tomb_end, abyss_end,
          pan_hell_end]

Skill      XL: |  1  2  3  4  5  6  7  8  9 10 |
---------------+-------------------------------+-----
Fighting       | 4 5 8 9 10 12 13 14 | 14.7
Armour         | 4 5 9 10 11 12 14 15 17 | 17.0
Shields        | 4 5 7 8 9 10 11 12 13 | 13.5
Polearms       | 3 5 6 8 9 12 14 | 14.4
Dodging        | 1 2 3 4 5 6 7 |  7.4
Evocations     | 1 2 3 4 |  4.1
Stealth        | 1 |  1.1

Action                   |  1- 3 |  4- 6 |  7- 9 | 10-12 || total
-------------------------+-------+-------+-------+-------++-------
Melee: Trident           |    27 |     9 |    90 |    44 ||   170
       Headbutt          |     8 |     1 |    24 |    14 ||    47
Evoke: Wand              |     3 |     1 |     2 |     2 ||     8
  Use: Potion            |       |     1 |     5 |     1 ||     7
       Scroll            |       |       |       |     1 ||     1
Armor: Scale mail        |     9 |       |       |       ||     9
       Chain mail        |     1 |     4 |    50 |    22 ||    77
Dodge: Dodged            |     9 |     5 |    28 |    16 ||    58
Block: Buckler           |     3 |     2 |    23 |     7 ||    35

Table legend: (Time is in decaauts)
 A = Elapsed time spent in this place.
 B = Non-inter-level travel time spent in this place.
 C = Inter-level travel time spent in this place.
 D = Time resting spent in this place.
 E = Time spent auto-exploring this place.
 F = Levels seen in this place.
 G = Mean time per level.
                   A        B        C        D        E       F      G
               +--------+--------+--------+--------+--------+-----+--------+
         Total |   1663 |   1663 |      0 |   1081 |    230 |   1 | 1663.0 |
       Dungeon |   1663 |   1663 |      0 |   1081 |    230 |   1 | 1663.0 |
               +--------+--------+--------+--------+--------+-----+--------+

Top non-repeatable levels by time:
       D: 1663 daAuts
